 Dungeon Crawl Stone Soup version 0.20.0-8-g6b59dc7 (webtiles) character file.

133 glosham the Skirmisher (level 5, -7/33 HPs)
             Began as a Kobold Air Elementalist on June 1, 2017.
             Was a Believer of Fedhas.
             Mangled by an orc warrior
             ... wielding a +0 glaive
              (22 damage)
             ... on level 3 of the Dungeon.
             The game lasted 00:53:00 (3654 turns).

glosham the Skirmisher (Kobold Air Elementalist)    Turns: 3654, Time: 00:53:01

Health: -7/33      AC:  2    Str:  6    XL:     5   Next: 39%
Magic:  4/9        EV: 15    Int: 17    God:    Fedhas [**....]
Gold:   175        SH:  0    Dex: 15    Spells: 3/10 levels left

rFire    . . .     SeeInvis .   a - +0 spear
rCold    . . .     Gourm    .   (shield restricted)
rNeg     . . .     Faith    .   d - +0 robe
rPois    +         Spirit   .   (no helmet)
rElec    .         Reflect  .   (no cloak)
rCorr    .         Harm     .   (no gloves)
MR       .....                  (no boots)
Stlth    ++........             (no amulet)
Regen    0.2/turn               A - ring of poison resistance
MPRegen  0.2/turn               (no ring)

@: very slightly contaminated
A: carnivore 3
a: Fungal Bloom, Evolution, Sunlight, Renounce Religion


You were on level 3 of the Dungeon.
You worshipped Fedhas.
Fedhas was pleased with you.
You were full.

You visited 1 branch of the dungeon, and saw 3 of its levels.

You collected 175 gold pieces.

Inventory:

Hand Weapons
 a - a +0 spear (weapon)
 b - a +0 arbalest
 c - a +0 short sword
Missiles
 f - 73 stones (quivered)
 n - 3 needles of frenzy
 v - 21 sling bullets
 w - 5 javelins
 y - 2 throwing nets
Armour
 d - a +0 robe (worn)
 k - a +0 ring mail
Jewellery
 A - a ring of poison resistance (left hand)
Scrolls
 o - 2 scrolls of teleportation
Potions
 e - a potion of magic {unknown}
 g - a potion of invisibility {unknown}
 i - a potion of resistance {unknown}
 j - a potion of mutation {unknown}
 m - a potion of agility
 q - a potion of brilliance
 x - a potion of cancellation {unknown}
 z - a potion of degeneration {unknown}
Books
 r - a book of Changes

   Spells                             Type                      Level
   a - Beastly Appendage              Transmutation                1
   b - Sticks to Snakes               Transmutation                2
   c - Spider Form                    Transmutation/Poison         3
   d - Ice Form                       Ice/Transmutation            4
   e - Blade Hands                    Transmutation                5
 u - a book of Air

   Spells                             Type                      Level
   a - Shock                          Conjuration/Air              1
   b - Swiftness                      Charms/Air                   2
   c - Static Discharge               Conjuration/Air              3
   d - Airstrike                      Air                          4
   e - Lightning Bolt                 Conjuration/Air              5
Comestibles
 l - 4 meat rations
 p - 3 royal jellies
 t - 2 fruits


   Skills:
 * Level 4.1 Fighting
 - Level 2.4 Dodging
 - Level 2.6 Stealth
 - Level 3.1 Spellcasting
 - Level 1.0 Conjurations
 - Level 3.3 Air Magic


You had 3 spell levels left.
You knew the following spells:

 Your Spells              Type           Power        Failure   Level  Hunger
e - Airstrike             Air            ##........   41%         4    ####...
s - Swiftness             Chrm/Air       #.......     13%         2    ##.....
z - Shock                 Conj/Air       #...         7%          1    None


Dungeon Overview and Level Annotations

Branches:
Dungeon (3/15)

Altars:
Fedhas
Qazlal


Innate Abilities, Weirdness & Mutations

You are small and have problems with some larger weapons.
You are carnivorous and can eat meat at any time.


Message History

The orc warrior is lightly wounded.
The zap hits the orc warrior.
The orc warrior is lightly wounded.
Casting: Shock
Confirm with . or Enter, or press ? or * to list all spells.
Aiming: Shock
Press: ? - help, Shift-Dir - straight line The zap hits the orc warrior.
The orc warrior appears unharmed.
The orc warrior is lightly wounded.
The zap hits the orc warrior.
The orc warrior is moderately wounded.
The orc warrior misses you.
Casting: Shock
Confirm with . or Enter, or press ? or * to list all spells.
Aiming: Shock
Press: ? - help, Shift-Dir - straight line The zap hits the orc warrior.
The orc warrior is moderately wounded.
The zap hits the orc warrior.
The orc warrior appears unharmed.
The orc warrior is moderately wounded.
The orc warrior misses you.
Casting: Shock
Confirm with . or Enter, or press ? or * to list all spells.
Aiming: Shock
Press: ? - help, Shift-Dir - straight line You miscast Shock.
Nothing appears to happen.
Casting: Shock
Confirm with . or Enter, or press ? or * to list all spells.
Aiming: Shock
Press: ? - help, Shift-Dir - straight line The zap hits the orc warrior.
The orc warrior is heavily wounded.
The zap hits the orc warrior.
The orc warrior appears unharmed.
The orc warrior is heavily wounded.
The orc warrior hits you from afar with a glaive!!
Ouch! That really hurt!
The orc warrior hits you from afar with a glaive!!
Ouch! That really hurt!
You die...
Fedhas appreciates your contribution to the ecosystem.

#######..# #.# #.# #...... # #..#
#.# #.# #.##### # #..# #.# #.#
#.# # #..# #.# #.# #.# ##### #..#
#.# ###.# #.# # ....# #..# #.#
#...######.##### ###.# #..# #.#
#.#...........##
###.###..####.####...######.##.##
..............o.@....# #.##.##
###.###.####...#####.# #.##.##
#.# #.###.###.## #<# #.##.## #.#
#.##.## ##.###.# #.##.#. #.#
#....# #)....# #......
##.######.#####.##### ####.#.
#...#####.......# #.##
#.#.........8...## #.#
#...###....8.8...## #.#


You could see an orc warrior.

Vanquished Creatures
  A hound zombie (D:3)
  4 adders
  2 oozes (D:2)
  3 worms
  A dart slug (D:2)
  2 orcs (D:3)
  A ball python (D:3)
  9 bats
  A giant cockroach (D:3)
  10 goblins
  7 hobgoblins
  2 jackals (D:1)
  4 kobolds
  4 frilled lizards
  11 rats
62 creatures vanquished.

Vanquished Creatures (others)
  32 toadstools
32 creatures vanquished.

Grand Total: 94 creatures vanquished

Notes
Turn   | Place    | Note
-------+----------+-------------------------------------------
     0 | D:1      | glosham the Kobold Air Elementalist began the quest for the Orb.
     0 | D:1      | Reached XP level 1. HP: 10/10 MP: 3/3
   190 | D:1      | Reached skill level 2 in Fighting
   190 | D:1      | Reached XP level 2. HP: 13/17 MP: 0/5
   380 | D:2      | Reached XP level 3. HP: 18/22 MP: 0/6
   609 | D:1      | Learned a level 2 spell: Swiftness
   711 | D:3      | Found a faded altar of an unknown god.
   718 | D:3      | Became a worshipper of Fedhas Madash
   718 | D:3      | Reached * piety under Fedhas
   846 | D:1      | Reached skill level 3 in Fighting
  1794 | D:2      | Reached XP level 4. HP: 28/28 MP: 2/7
  2135 | D:2      | Reached skill level 4 in Fighting
  2156 | D:1      | Learned a level 4 spell: Airstrike
  2482 | D:3      | Found a stormy altar of Qazlal.
  2485 | D:3      | Found a blossoming altar of Fedhas.
  2709 | D:3      | Reached ** piety under Fedhas
  2867 | D:3      | Noticed an orc warrior
  3101 | D:3      | Reached XP level 5. HP: 33/33 MP: 4/9
  3151 | D:3      | Reached skill level 3 in Spellcasting
  3654 | D:3      | Mangled by an orc warrior

Skill      XL: |  1  2  3  4  5 |
---------------+----------------+-----
Fighting       | 2 3 4 |  4.1
Spellcasting   | 3 |  3.1
Dodging        | |  2.4
Stealth        | |  2.6
Conjurations   | |  1.0
Air Magic      | |  3.3

Action                   |  1- 3 |  4- 6 || total
-------------------------+-------+-------++-------
Melee: Dagger            |     2 |     9 ||    11
 Cast: Shock             |    49 |    75 ||   124
Invok: Fungal Bloom      |     3 |    16 ||    19
  Use: Scroll            |     1 |     5 ||     6
 Stab: Sleeping          |       |     2 ||     2
  Eat: Chunk             |    10 |     5 ||    15
Armor: Robe              |     3 |    11 ||    14
Dodge: Dodged            |    13 |    29 ||    42

Table legend:
 A = Turns spent in this place as a percentage of turns spent in the entire game.
 B = Non-inter-level travel turns spent in this place as a percentage of non-inter-level travel turns spent in the entire game.
 C = Inter-level travel turns spent in this place as a percentage of turns spent in this place.
 D = Turns resting spent in this place as a percentage of non-inter-level travel turns spent in this place.
 E = Turns spent auto-exploring this place as a percentage of non-inter-level travel turns spent in this place.
 F = Non-inter-level travel turns spent in this place divided by the number of levels of this place that you've seen.
                   A       B       C       D       E      F
               +-------+-------+-------+-------+-------+----------------------
         Total | 100.0 | 100.0 |   0.4 |   3.0 |   0.2 | 701.0
       Dungeon | 100.0 | 100.0 |   0.4 |   3.0 |   0.2 | 701.0
               +-------+-------+-------+-------+-------+----------------------

Table legend:
 A = Kills in this place as a percentage of kills in entire the game.
 B = Kills by you in this place as a percentage of kills by you in the entire game.
 C = Kills by friends in this place as a percentage of kills by friends in the entire game.
 D = Other kills in this place as a percentage of other kills in the entire game.
 E = Experience gained in this place as a percentage of experience gained in the entire game.
 F = Experience gained in this place divided by the number of levels of this place that you have seen.
                   A       B       C       D       E      F
               +-------+-------+-------+-------+-------+----------------------
         Total | 100.0 | 100.0 |  -nan |  -nan | 100.0 |  63.3
       Dungeon | 100.0 | 100.0 |  -nan |  -nan | 100.0 |  63.3
               +-------+-------+-------+-------+-------+----------------------

Vault maps used:
D:1:      dpeg_arrival_chase
D:3:      grunt_temple_overflow_forces_of_nature,
          chequers_ecumenical_altar_simple_redux
